 Dungeon Crawl Stone Soup version 0.21.1-1-g345015fe64 (webtiles) character file.

108 Stelma the Shooter (level 4, -1/36 HPs)
             Began as a Centaur Hunter on Apr 9, 2018.
             Succumbed to Duvessa's poison
             ... on level 4 of the Dungeon.
             The game lasted 00:19:07 (2530 turns).

Stelma the Shooter (Centaur Hunter)                 Turns: 2530, Time: 00:19:08

Health: -1/36      AC:  4    Str: 15    XL:     4   Next: 58%
Magic:  4/4        EV:  9    Int: 13    God:
Gold:   116        SH:  0    Dex: 10    Spells: 3/3 levels left

rFire    . . .     SeeInvis .   b - +0 short sword
rCold    . . .     Gourm    .   (no shield)
rNeg     . . .     Faith    .   c - +0 leather armour
rPois    .         Spirit   .   (no helmet)
rElec    .         Reflect  .   (no cloak)
rCorr    .         Harm     .   (no gloves)
MR       .....                  (no barding)
Stlth    +.........             (no amulet)
HPRegen  0.12/turn              u - +3 ring of intelligence
MPRegen  0.09/turn              (no ring)

@: lethally poisoned (-1 -> -29), very quick
A: large, hooves 3, deformed body, speed 2, tough skin 3
a: no special abilities


You were on level 4 of the Dungeon.
You were not hungry.

You visited 1 branch of the dungeon, and saw 4 of its levels.

You collected 116 gold pieces.

Inventory:

Hand Weapons
 a - a +2 shortbow
 b - a +0 short sword (weapon)
Missiles
 d - 34 bolts
Armour
 c - a +0 leather armour (worn)
Jewellery
 t - a cursed -5 ring of protection {unknown}
 u - a +3 ring of intelligence (left hand)
Wands
 l - a wand of scattershot (5)
Scrolls
 e - a scroll of remove curse
 g - a scroll of magic mapping
 h - 2 scrolls of fog
 i - 2 scrolls of enchant weapon
 j - a scroll of immolation {unknown}
 m - a scroll of teleportation {unknown}
 r - a scroll of random uselessness {unknown}
Potions
 k - 2 potions of curing
 n - a potion of brilliance {unknown}
 p - a potion of ambrosia {unknown}
 q - a potion of invisibility {unknown}
 s - a potion of resistance {unknown}
 v - a potion of cancellation {unknown}
Comestibles
 f - 7 rations


   Skills:
 - Level 2.0 Fighting
 + Level 7.9 Bows
 + Level 1.5 Dodging
 + Level 0.4 Stealth


You had 3 spell levels left.
You didn't know any spells.

Dungeon Overview and Level Annotations

Branches:
Dungeon (4/15)
 Temple: D:4-7

Altars:
Xom

Annotations:
D:4 Duvessa


Innate Abilities, Weirdness & Mutations

You have hooves in place of feet.
Armour fits poorly on your strangely shaped body.
You cover ground very quickly.
You have extremely tough skin. (AC +3)


Message History

You are lethally poisoned!
You hit Duvessa but do no damage. You kick Duvessa, but do no damage.
Duvessa is moderately wounded.
* * * LOW HITPOINT WARNING * * *
You feel sick. Duvessa hits you but does no damage.
You are more poisoned.
You hit Duvessa.
Duvessa is moderately wounded.
* * * LOW HITPOINT WARNING * * *
You feel very sick. Duvessa misses you.
You barely miss Duvessa.
Duvessa is moderately wounded.
* * * LOW HITPOINT WARNING * * *
You feel very sick.
Duvessa hits you with a rapier of venom.
* * * LOW HITPOINT WARNING * * *
You hit Duvessa. You kick Duvessa.
Duvessa is heavily wounded.
You die...

###..#######.......
#.........%+..<....#
#..........#.......#
'e.......>.#.......#
###..###...#.......#
..#..###...#.......#
..#........#.......+
..#........(((.....#
..#........#...e@..#
..##########.......#
### #########


You could see Duvessa.

Vanquished Creatures
  Terence (D:2)
  2 adders
  An ooze (D:3)
  3 worms
  4 leopard geckos
  An orc (D:3)
  A ball python (D:1)
  3 giant cockroaches
  8 goblins
  6 hobgoblins
  2 jackals (D:2)
  A quokka (D:4)
  6 bats
  3 frilled lizards (D:1)
  2 kobolds (D:3)
  A quokka skeleton (D:3)
  5 rats
50 creatures vanquished.

Notes
Turn   | Place    | Note
-------+----------+-------------------------------------------
     0 | D:1      | Stelma the Centaur Hunter began the quest for the Orb.
     0 | D:1      | Reached XP level 1. HP: 17/17 MP: 1/1
   123 | D:1      | Reached XP level 2. HP: 24/24 MP: 2/2
   165 | D:1      | Reached skill level 6 in Bows
   636 | D:2      | Reached XP level 3. HP: 23/29 MP: 3/3
   700 | D:2      | Found a shimmering altar of Xom.
   855 | D:2      | Noticed Terence
   861 | D:2      | Reached skill level 7 in Bows
   897 | D:2      | Killed Terence
   897 | D:2      | Reached XP level 4. HP: 23/36 MP: 4/4
  2468 | D:4      | Noticed Duvessa
  2529 | D:4      | HP: 1/36 [Duvessa/rapier of venom (3)]
  2530 | D:4      | Succumbed to Duvessa's poison

Skill      XL: |  1  2  3 |
---------------+----------+-----
Bows           | 6 7 |  7.9
Fighting       | |  2.0
Dodging        | |  1.5
Stealth        | |  0.4

Action                   |  1- 3 |  4- 6 || total
-------------------------+-------+-------++-------
Melee: Shortbow          |    13 |    41 ||    54
       Kick              |     3 |    16 ||    19
       Short sword       |     2 |    48 ||    50
 Fire: Shortbow          |    84 |    50 ||   134
  Use: Scroll            |     2 |     4 ||     6
  Eat: Ration            |       |     1 ||     1
Armor: Leather armour    |     6 |    33 ||    39
Dodge: Dodged            |    10 |    43 ||    53
